 Dungeon Crawl Stone Soup version 0.31.0-11-ge490571c62 (webtiles) character file.

Game seed: 3199306866365363787

233 qw the Skirmisher (level 5, -2/29 HPs)
             Began as a Deep Elf Hunter on Feb 3, 2024.
             Slain by an orc
             ... wielding a +0 trident
              (4 damage)
             ... on level 3 of the Dungeon.
             The game lasted 00:00:06 (1647 turns).

qw the Skirmisher (Deep Elf Hunter)                 Turns: 1647, Time: 00:00:06

Health: -2/29      AC:  5    Str: 10    XL:     5   Next: 75%
Magic:  7/7        EV: 12    Int: 14    God:
Gold:   170        SH:  5    Dex: 18    Spells: 4/4 levels left

rFire   . . .        a - +0 shortbow
rCold   . . .        (shield currently unavailable)
rNeg    . . .        c - +0 leather armour
rPois   .            (no helmet)
rElec   .            (no cloak)
rCorr   .            (no gloves)
SInv    .            e - +1 pair of boots
Will    .....        f - amulet of reflection
Stlth   ++           h - +4 ring of slaying {mikee}
HPRegen 0.24/turn    (no ring)
MPRegen 0.10/turn

%: reflection
@: about to teleport
A: no striking features
a: no special abilities


You were on level 3 of the Dungeon.
You visited 1 branch of the dungeon, and saw 3 of its levels.

You collected 170 gold pieces.


   Skills:
 + Level 1.5 Fighting
 - Level 9.1 Ranged Weapons
 - Level 3.0 Dodging
 - Level 1.2 Stealth


You had 4 spell levels left.
You didn't know any spells.
Your spell library was empty.

Inventory:

Hand Weapons
 a - a +0 shortbow (weapon)
Armour
 c - a +0 leather armour (worn)
 e - a +1 pair of boots (worn)
Jewellery
 f - an amulet of reflection (around neck)
 h - a +4 ring of slaying (left hand) {mikee}
 k - a ring of protection from fire
Scrolls
 d - a scroll of brand weapon {unknown}
 g - a scroll of teleportation
 j - a scroll of blinking {unknown}
Potions
 b - a potion of resistance {unknown}
 i - a potion of curing

Dungeon Overview and Level Annotations

Branches:
Dungeon (3/15)

Altars:


Message History

An orc comes into view. It is wielding a +0 dagger.
You shoot an arrow. The arrow closely misses the hobgoblin.
The arrow hits the orc but does no damage.
You shoot an arrow. The arrow barely misses the hobgoblin.
The hobgoblin closely misses you. The orc closely misses you.
You shoot an arrow. The arrow hits the hobgoblin!
You kill the hobgoblin!
The orc shoots a sling bullet.
The sling bullet closely misses you. The orc hits you but does no damage.
An adder comes into view.
You hear a shout!
You shoot an arrow. The arrow barely misses the orc.
The orc hits you from afar with a +0 trident.
The orc shoots a sling bullet.
You block the sling bullet with an invisible shield... and reflect it back!
The sling bullet barely misses the orc.
You shoot an arrow. The arrow barely misses the orc.
An orc comes into view. It is wielding a +0 mace.
The orc shoots a sling bullet.
The sling bullet closely misses you. The orc misses you.
You shoot an arrow. The arrow hits the orc.
The orc is severely wounded.
You block the orc's attack.
An orc comes into view. It is wielding a +0 club. x2
The orc barely misses you. The orc hits you with a +0 hand axe.
You shoot an arrow. The arrow closely misses the orc.
The arrow hits the orc.
The orc is almost dead.
The orc hits you from afar with a +0 trident!
The orc hits you with a +0 dagger.
You shoot an arrow. The arrow hits the orc!
You kill the orc!
You block the orc's attack.
The orc hits you from afar with a +0 trident.
Your Dodging skill increases to level 3!
1647 ||| READING 2 scrolls of teleportation.
As you read the scroll of teleportation, it crumbles to dust.
You feel strangely unstable. The orc hits you with a +0 mace.
The orc closely misses you.
The orc hits you from afar with a +0 trident.
You die... #.# ##.## #.#.. #.# #.# #.#.# ## ###.####.#.# .. ...........# .# #. ##......... ...##.# #####%#### .oooS##

#.# #.oo# #.# # #@# #.#
#.##.#.#### #.#
#.........# #.#
#.##.####.########.####
#. #..........)... #
#.############# #.# #.#
..#


You could see an adder and 5 orcs.

Vanquished Creatures
  Sigmund (D:2)
  An adder (D:2)
  2 dart slugs (D:1)
  5 orcs
  4 ball pythons
  5 endoplasms
  A giant cockroach (D:2)
  4 goblins
  5 hobgoblins
  4 jackals (D:1)
  6 kobolds
  A quokka (D:2)
  4 bats
  4 frilled lizards
  5 rats
52 creatures vanquished.

Notes
Turn   | Place    | Note
-------+----------+-------------------------------------------
     0 | D:1      | qw the Deep Elf Hunter began the quest for the Orb.
     0 | D:1      | Reached XP level 1. HP: 12/12 MP: 3/3
     0 | D:1      | 0 ||| qw: Version: 0.3-a-157-g843a77d
     0 | D:1      | 0 ||| qw: Game counter: 3971
     0 | D:1      | 0 ||| qw: Melee chars always use a shield: true
     0 | D:1      | 0 ||| qw: God list: Okawaru
     0 | D:1      | 0 ||| qw: Allow faded altars: false
     0 | D:1      | 0 ||| qw: Do Orc after clearing Dungeon:15 true
     0 | D:1      | 0 ||| qw: Do second Lair branch before Depths: true
     0 | D:1      | 0 ||| qw: Lair rune preference: random
     0 | D:1      | 0 ||| qw: Goals: Normal
     0 | D:1      | 0 ||| PLANNING D:1-11
   305 | D:1      | Reached skill level 6 in Ranged Weapons
   305 | D:1      | Reached XP level 2. HP: 16/16 MP: 4/4
   394 | D:1      | Found a faded altar of an unknown god.
   531 | D:1      | Reached XP level 3. HP: 13/20 MP: 5/5
   794 | D:1      | 794 ||| UPGRADING to +0 pair of boots.
   799 | D:1      | 799 ||| UPGRADING to amulet of reflection.
   804 | D:1      | 804 ||| READING scroll labelled LEUGRU EMYXTOA.
   804 | D:1      | 804 ||| IDENTIFYING scroll labelled MENUTTE HUGHAD
   805 | D:1      | 805 ||| DROPPING scroll of butterflies.
   930 | D:2      | Reached skill level 7 in Ranged Weapons
  1195 | D:2      | Noticed Sigmund
  1205 | D:2      | Killed Sigmund
  1206 | D:2      | Reached skill level 9 in Ranged Weapons
  1206 | D:2      | Reached XP level 4. HP: 14/25 MP: 6/6
  1206 | D:2      | Reached XP level 5. HP: 17/29 MP: 7/7
  1274 | D:2      | 1274 ||| UPGRADING to +4 ring of slaying {mikee}.
  1275 | D:2      | 1275 ||| READING 2 scrolls of identify.
  1275 | D:2      | 1275 ||| IDENTIFYING bubbling dark potion
  1276 | D:2      | 1276 ||| READING scroll of identify.
  1276 | D:2      | 1276 ||| IDENTIFYING scroll labelled KOCASI XIGOT
  1277 | D:2      | 1277 ||| READING scroll of enchant armour.
  1277 | D:2      | 1277 ||| ENCHANTING +0 pair of boots.
  1646 | D:3      | HP: 6/29 [orc/+0 trident (6)]
  1647 | D:3      | Reached skill level 3 in Dodging
  1647 | D:3      | 1647 ||| READING 2 scrolls of teleportation.
  1647 | D:3      | HP: 2/29 [orc/+0 mace (4)]
  1647 | D:3      | Slain by an orc

Levels and vault maps discovered:
D:1:      nicolae_arrival_somewhat_less_tricky_arrival, layout_loops_ring,
          dreamdust_ecumenical_altar_sealed_demon, minmay_tree_intersection,
          minmay_gold_behind_fungi
D:2:      layout_rooms, uniq_sigmund
D:3:      layout_loops_ring, minmay_diced_spiral

Skill      XL: |  1  2  3  4  5 |
---------------+----------------+-----
Ranged Weapons | 6 9 |  9.1
Dodging        | 3 |  3.0
Fighting       | |  1.5
Stealth        | |  1.2

Action                     |  1- 3 |  4- 6 || total
---------------------------+-------+-------++-------
   Fire: Shortbow          |    93 |    33 ||   126
    Use: Scroll            |     1 |     4 ||     5
 Armour: Leather armour    |    27 |     8 ||    35
  Dodge: Dodged            |    34 |     8 ||    42
  Block: Other             |     3 |     3 ||     6
         Reflection        |       |     1 ||     1

Table legend:
 A = Non-vault XP
 B = Vault XP
 C = Vault XP percentage of total XP
 D = Non-vault monster count
 E = Vault monster count
 F = Vault count percentage of total count
                 A         B        C        D         E       F
            +---------+---------+-------+---------+---------+-------
      Total |     106 |     228 |  68.3 |      50 |       2 |   3.8
            +---------+---------+-------+---------+---------+-------
        D:1 |      42 |       0 |   0.0 |      22 |       0 |   0.0
        D:2 |      34 |     226 |  86.9 |      13 |       1 |   7.1
        D:3 |      30 |       2 |   6.2 |      15 |       1 |   6.2
            +---------+---------+-------+---------+---------+-------
